 Dungeon Crawl Stone Soup version 0.19.4 (webtiles) character file.

24 vatarom the Insei (level 3, -3/23 HPs)
             Began as an Octopode Transmuter on Feb 3, 2017.
             Slain by a gnoll (9 damage)
             ... on level 2 of the Dungeon.
             The game lasted 00:02:17 (1532 turns).

vatarom the Insei (Octopode Transmuter)             Turns: 1532, Time: 00:02:18

Health: -3/23      AC:  1    Str:  7 (9)  XL:     3   Next: 2%
Magic:  3/6        EV: 13    Int: 13 (15) God:
Gold:   28         SH:  0    Dex: 11 (13) Spells: 2 memorised, 3 levels left

rFire  . . .     SeeInvis .       - Unarmed
rCold  . . .     Gourm    .     (no shield)
rNeg   . . .     Faith    .     (helmet restricted)
rPois  .         Spirit   .     (no amulet)
rElec  .         Reflect  .     e - ring of wizardry
rCorr  .         Harm     .     (no ring)
MR     .....                    (no ring)
Stlth  ++........               (no ring)
                                (no ring)
                                (no ring)
                                (no ring)
                                (no ring)

@: no status effects
A: almost no armour, stealthy swim, amphibious, 8 rings, constrict 8, camouflage
1, gelatinous body 1
a: no special abilities


You were on level 2 of the Dungeon.
You were not hungry.

You visited 1 branch of the dungeon, and saw 2 of its levels.

You collected 28 gold pieces.

Inventory:

Missiles
 a - 9 arrows
Jewellery
 e - a ring of wizardry (left tentacle)
Potions
 d - 2 potions of curing
 f - a potion of haste
Books
 b - a book of Changes

   Spells                             Type                      Level
   a - Beastly Appendage              Transmutation                1
   b - Sticks to Snakes               Transmutation                2
   c - Spider Form                    Transmutation/Poison         3
   d - Ice Form                       Ice/Transmutation            4
   e - Blade Hands                    Transmutation                5
Comestibles
 c - a bread ration
 g - 2 chunks of flesh


   Skills:
 - Level 1.0 Fighting
 - Level 2.0 Dodging
 * Level 3.6 Unarmed Combat
 + Level 2.3 Spellcasting
 + Level 2.2 Transmutations


You had 3 spell levels left.
You knew the following spells:

 Your Spells              Type           Power        Failure   Level  Hunger
a - Beastly Appendage     Tmut           #.....       4%          1    #......
b - Sticks to Snakes      Tmut           #.......     7%          2    ###....


Dungeon Overview and Level Annotations

Branches:
Dungeon (2/15)

Altars:


Innate Abilities, Weirdness & Mutations

You cannot wear most types of armour.
You are very stealthy in the water. (Stealth+)
You are amphibious.
You can wear up to eight rings at the same time.
You can use your tentacles to constrict eight enemies at once.
Your skin changes colour to match your surroundings (Stealth+).
Your rubbery body absorbs attacks. (AC +1, EV +1)


Message History

The gnoll throws a throwing net.
The throwing net barely misses you. Something hits your ball python!
Your ball python dies!
The gnoll shouts!
You see here a throwing net.
You hear a shout!
You closely miss the gnoll. You grab the gnoll. You constrict the gnoll.
The gnoll barely misses you. The gnoll completely misses you.
The gnoll hits you from afar with a spear!
You tentacle-slap the gnoll but do no damage.
You squeeze the gnoll!
The gnoll is heavily wounded.
You constrict the gnoll. The gnoll closely misses you.
The gnoll barely misses you.
The gnoll hits you from afar with a spear.
* * * LOW HITPOINT WARNING * * *
You tentacle-slap the gnoll.
The gnoll is severely wounded.
You constrict the gnoll. The gnoll hits you!
You die...

... #.#
###.#####
#....<..+
#.#.#####
#.#.g#
#.##.####
#†##g##.#
#...gg@(#
####.####
#.# #..
###. .# #


You could see 3 gnolls.

Vanquished Creatures
  An ooze (D:1)
  2 giant cockroaches (D:1)
  2 goblins (D:1)
  4 hobgoblins (D:1)
  4 bats
  A kobold (D:1)
  5 rats (D:1)
19 creatures vanquished.

Vanquished Creatures (collateral kills)
  A rat (D:2)
1 creature vanquished.

Grand Total: 20 creatures vanquished

Notes
Turn   | Place    | Note
-------+----------+-------------------------------------------
     0 | D:1      | vatarom the Octopode Transmuter began the quest for the Orb.
     0 | D:1      | Reached XP level 1. HP: 13/13 MP: 3/3
   744 | D:1      | Reached XP level 2. HP: 13/18 MP: 5/5
   752 | D:1      | Learned a level 2 spell: Sticks to Snakes
  1518 | D:2      | Reached XP level 3. HP: 19/23 MP: 6/6
  1532 | D:2      | Slain by a gnoll

Action                   || total
-------------------------++-------
Melee: Unarmed           ||    45
       Constrict         ||     8
       Tentacles         ||     6
       Kick              ||     1
       Punch             ||     1
 Cast: Beastly Appendage ||     3
       Sticks to Snakes  ||     3
  Use: Potion            ||     6
       Scroll            ||     2
 Stab: Sleeping          ||     4
  Eat: Beef jerky        ||     1
       Chunk             ||     1
Armor: Skin              ||     8
Dodge: Dodged            ||    30
